 Dungeon Crawl Stone Soup version 0.27.0-1-g7a089689b8 (webtiles) character file.

Game seed: 16661759622265839355

10 Descartes the Sneak (level 2, 0/13 HPs)
             Began as a Spriggan Venom Mage on Aug 17, 2021.
             Slain by a rat (1 damage)
             ... on level 2 of the Dungeon.
             The game lasted 00:03:10 (337 turns).

Descartes the Sneak (Spriggan Venom Mage)            Turns: 337, Time: 00:03:11

Health: 0/13       AC:  2    Str:  4    XL:     2   Next: 10%
Magic:  2/6        EV: 17    Int: 16    God:
Gold:   40         SH:  0    Dex: 15    Spells: 5/6 levels left

rFire    . . .     SeeInvis +   b - +0 short sword
rCold    . . .     Faith    .   (shield restricted)
rNeg     . . .     Spirit   .   a - +0 robe
rPois    .         Reflect  .   (helmet restricted)
rElec    .         Harm     .   (no cloak)
rCorr    .         Rampage  .   (gloves unavailable)
Will     .....                  (boots unavailable)
Stlth    ++........             (no amulet)
HPRegen  0.04/turn              (no ring)
MPRegen  0.10/turn              (no ring)

@: very quick
A: very small, no large weapons, unfitting armour, see invisible, speed 3
a: no special abilities


You were on level 2 of the Dungeon.
You visited 1 branch of the dungeon, and saw 2 of its levels.

You collected 40 gold pieces.

Inventory:

Hand Weapons
 b - a +0 short sword (weapon)
Missiles
 d - 33 stones
 e - 22 arrows
 f - 17 sling bullets
Armour
 a - a +0 robe (worn)
Jewellery
 c - a ring of ice
Potions
 g - a potion of magic {unknown}


   Skills:
 + Level 2.9 Dodging
 + Level 3.3 Stealth
 + Level 2.9 Spellcasting
 + Level 1.8 Transmutations
 + Level 3.1 Poison Magic


You had 5 spell levels left.
You knew the following spells:

 Your Spells              Type           Power      Damage    Failure   Level
a - Sting                 Tmut/Pois      40%        1d5       7%          1

Your spell library contained the following spells:

 Spells                   Type           Power      Damage    Failure   Level
 Poisonous Vapours        Pois/Air       14%        N/A       16%         2
 Mephitic Cloud           Conj/Pois/Air  5%         N/A       36%         3
 Olgreb's Toxic Radiance  Pois           12%        N/A       45%         4
 Iskenderun's Battlesphe  Conj           2%         2d6       99%         5
 Iron Shot                Conj/Erth      1%         9d1       100%        6
 Spellforged Servitor     Conj/Summ      1%         N/A       100%        7


Dungeon Overview and Level Annotations

Branches:
Dungeon (1/15)

Altars:


Innate Abilities, Weirdness & Mutations

You are very small and have problems with some larger weapons.
You are too small for most types of armour.
You have supernaturally acute eyesight. (SInv)
You cover ground extremely quickly. (Speed+++)


Message History

The bat completely misses you.
A ball python and a hobgoblin come into view.
The ball python moves out of view.
You see here a book of Power.
You pick up a book of Power and begin reading...
You add the spells Iskenderun's Battlesphere, Iron Shot and Spellforged Servitor to your library.
The kobold throws a stone.
The stone barely misses you. The bat barely misses you.
The bat completely misses you. The bat completely misses you.
The hobgoblin shouts!
You hear an angry hiss.
The rat barely misses you. The bat misses you. The hobgoblin hits you.
* * * LOW HITPOINT WARNING * * *
The rat misses you.
The kobold throws a stone.
The stone misses you. The bat barely misses you. The bat hits you.
* * * LOW HITPOINT WARNING * * *
The bat closely misses you. The bat misses you.
The endoplasm jiggles.
A rat comes into view.
Casting: Sting (safe; 7% risk of failure)
Confirm with . or Enter, or press ? or * to list all spells.
Aiming: Sting (safe; 7% risk of failure)
Press: ? - help, Shift-Dir - straight line, f - bat
Aim: a bat (57% to hit)
The sting hits the bat.
The bat is poisoned.
The bat is severely wounded.
You kill the bat!
You hit the ball python.
You kill the ball python!
The quokka bites you.
* * * LOW HITPOINT WARNING * * *
The rat barely misses you.
The endoplasm hits you but does no damage.
The quokka barely misses you. The rat bites you.
You die...

#...)#..# #.#
#....##.## #.#
#######..####r##
#......†..#
#.........#
########......J..#
#.............rrJ#
#..!.........gKr.#
#...............@#
#...............$#
#................#
#.......!...#...##
##......[...##..#
##.............>#
.............####
##...........#
#...........#


You could see 2 endoplasms, a quokka, a hobgoblin, a kobold and 3 rats.

Vanquished Creatures
  3 ball pythons
  A goblin (D:2)
  A kobold (D:1)
  3 bats
  2 rats (D:2)
10 creatures vanquished.

Notes
Turn   | Place    | Note
-------+----------+-------------------------------------------
     0 | D:1      | Descartes the Spriggan Venom Mage began the quest for the
                  | Orb.
     0 | D:1      | Reached XP level 1. HP: 9/9 MP: 5/5
   219 | D:1      | You fall into a shaft and drop 1 floor!
   219 | D:2      | Found a faded altar of an unknown god.
   297 | D:2      | Reached XP level 2. HP: 9/13 MP: 1/6
   337 | D:2      | Slain by a rat

Illustrated notes

Levels and vault maps discovered:
D:1:      matt_arrival_los_fun, layout_basic, minmay_pentomino_q2
D:2:      layout_basic, shapermc_ecumenical_altar_pompeii,
          uniq_crazy_yiuf_cottage

Action                   || total
-------------------------++-------
Melee: Short sword       ||     2
 Cast: Sting             ||    14
 Stab: Sleeping          ||     1
Armor: Robe              ||     2
Dodge: Dodged            ||    25
